 Dungeon Crawl Stone Soup version 0.29.0-11-gd7f09526c8 (webtiles) character file.

Game seed: 5047094573689740279

12203 Angani the Martial Artist (level 12, -8/91 HPs)
             Began as a Djinni Chaos Knight on Sept 2, 2022.
             Was a Plaything of Xom.
             Mangled by a spark wasp (16 damage)
             ... in a volcano.
             The game lasted 00:35:27 (15058 turns).

Angani the Martial Artist (Djinni Chaos Knight)    Turns: 15058, Time: 00:35:28

Health: -8/91      AC: 13    Str: 16    XL:     12   Next: 17%
Gold:   648        EV: 14    Int: 11    God:    Xom [*.....] SH:  0 Dex: 17

rFire   + + +      SeeInvis .     - Unarmed
rCold   x . .      Faith    .   (no shield)
rNeg    + . .      Spirit   .   y - +0 acid dragon scales
rPois   ∞          Reflect  .   (helmet currently unavailable)
rElec   .          Harm     .   w - +2 ratskin cloak {*Rats rPois rN+ Str-1 Int-1 Dex+1}
rCorr   +          Rampage  .   C - +2 pair of gloves
Will    +....      Clarity  +   (boots unavailable)
Stlth   ++........              (no amulet)
HPRegen 0.25/turn               h - +6 ring of strength
MPRegen 0.00/turn               v - ring of protection from fire

@: confused, appendages, ambrosia-drunk, flying, unable to drink
A: horns 2, flying, sickness immunity, fire resistance 2, cold vulnerability 1,
float, innate caster, HP casting, extra vitality 1, camouflage 1, clarity,
clumsy 1, dopey 1, mutation resistance 1, inability to drink after injury 1
a: End Transformation, Renounce Religion


You were in a volcano.
You worshipped Xom.
You were a special plaything of Xom.
You had temporarily grown beastly horns.
You visited 2 branches of the dungeon, and saw 12 of its levels.
You also visited: Sewer and Volcano.

You collected 648 gold pieces.

Inventory:

Missiles
 k - 24 poisoned darts (quivered)
 s - 4 throwing nets
 G - 4 curare-tipped darts
Armour
 d - an orb of guile
 f - the +0 chain mail "Tated" {rElec Str+4 Int+3}
   (You found it on level 3 of the Dungeon)

   Str:       It affects your strength (+4).
   Int:       It affects your intelligence (+3).
   rElec:     It insulates you from electricity.
 j - a +2 helmet (melded)
 w - the +2 ratskin cloak (worn) {*Rats rPois rN+ Str-1 Int-1 Dex+1}
   (You found it on level 5 of the Dungeon)

   When the wearer is hurt, rats may emerge from it to assist them.
   Str:       It affects your strength (-1).
   Int:       It affects your intelligence (-1).
   Dex:       It affects your dexterity (+1).
   rPois:     It protects you from poison.
   rN:        It protects you from negative energy.
 y - +0 acid dragon scales (worn)
 C - a +2 pair of gloves (worn)
Jewellery
 h - a +6 ring of strength (left hand)
 n - a +6 ring of strength
 v - a ring of protection from fire (right hand)
 F - a ring of positive energy
Wands
 p - a wand of charming (11)
 B - a wand of digging (9)
Scrolls
 a - a scroll of fear
 c - 11 scrolls of teleportation
 e - 2 scrolls of immolation
 i - 3 scrolls of enchant weapon
 o - 4 scrolls of fog
 z - 2 scrolls of blinking
 J - a scroll of poison
Potions
 g - 12 potions of curing
 l - 6 potions of flight
 m - 2 potions of resistance
 q - 2 potions of might {unknown}
 r - 2 potions of attraction {unknown}
 t - 3 potions of heal wounds {unknown}
 u - a potion of berserk rage {unknown}
 x - a potion of magic {unknown}
 A - 3 potions of haste {unknown}
 D - 11 potions of ambrosia
 E - a potion of brilliance {unknown}
 K - 2 potions of mutation {unknown}
 M - 2 potions of lignification {unknown}
Miscellaneous
 b - a piece from Xom's chessboard (3/15)


   Skills:
 - Level 10.0 Fighting
 + Level 5.2 Armour
 + Level 6.1 Dodging
 - Level 10.0 Unarmed Combat
 + Level 8.3 Spellcasting


You had 12 spell levels left.
You knew the following spells:

 Your Spells              Type           Power      Damage    Failure   Level
a - Beastly Appendage     Tmut           44%        N/A       1%          1
b - Wereblood             Tmut           22%        N/A       1%          2
c - Mephitic Cloud        Conj/Pois/Air  22%        N/A       1%          3
d - Airstrike             Air            11%        2d(2-18)  7%          4
e - Yara's Violent Unrav  Hex/Tmut       11%        3d6       19%         5
Your spell library was empty.

Dungeon Overview and Level Annotations

Branches:
Dungeon (11/15)            Temple (0/1) D:7            Lair (1/5) D:10
    Orc (0/2) D:10          Sewer (visited)         Volcano (1/1)

Altars:
Ashenzari
Cheibriados
Elyvilon
Makhleb
Okawaru
Qazlal
Ru
Uskayaw
Yredelemnul
Zin
The Shining One

Annotations:
D:3 1 transporter
D:7 3 runed translucent doors, exclusion: 3 doors, Mandevil's ghost, novice TrEE


Innate Abilities, Weirdness & Mutations

You have temporarily grown beastly horns.
You are flying.
You are immune to sickness and miasma.
You are immune to poison.
Your flesh is very heat resistant. (rF++)
You are vulnerable to cold. (rC-)
You float through the air rather than walking.
You learn spells naturally, not from books.
Your magical power is your life essence.
You have superior vitality. (+4 MHP)
Your skin changes colour to match your surroundings (Stealth+).
You possess an exceptional clarity of mind.
You are clumsy. (Dex -2)
You are dopey. (Int -2)
You are somewhat resistant to further mutation.
You occasionally lose the ability to drink potions when taking damage.


Message History

The hell knight hits you with a +2 scimitar of flaming!!
The hell knight burns you.
The hell knight attacks as you move away!
The hell knight hits you with a +2 scimitar of flaming!!
The hell knight burns you.
The hell knight attacks as you move away!
The hell knight hits you with a +2 scimitar of flaming!
The hell knight burns you.
The hell knight stops moving altogether!
Casting: Beastly Appendage (safe; 1% risk of failure)
Confirm with . or Enter, or press ? or * to list all spells.
You grow a pair of large bovine horns.
Your +2 helmet melds into your body.
Unknown command.
The helpless hell knight fails to defend itself.
You punch the hell knight!
The hell knight is lightly wounded.
The helpless hell knight fails to defend itself.
You pummel the hell knight!!
You headbutt the hell knight, but do no damage.
You punch the hell knight.
The hell knight is moderately wounded.
The helpless hell knight fails to defend itself.
You punch the hell knight!
The hell knight is moderately wounded.
The hell knight is no longer petrified.
The hell knight hits you but does no damage.
You hear Xom's avuncular chuckle.
The hell knight evaporates and reforms as a spark wasp!
The spark wasp misses you. "Let's see if it's strong enough to survive yet."
Unknown command.
You are confused.
You feel invigorated. The spark wasp stings you!!
* * * LOW HITPOINT WARNING * * *
The spark wasp shocks you!
You feel threatened and lose the ability to drink potions!
* * * LOW HITPOINT WARNING * * *
The spark wasp stings you!
You die...
Xom roars with laughter!

....§§≈≈## .# ##§.§≈§≈○#
#.
##..################.###
##..######........§§...
###......§§.§≈.≈§≈§...
###....§≈§≈§≈≈§§§...
##...§§§≈≈≈§§≈§≈≈.
#....≈≈≈≈§≈§≈≈§§§
##....≈≈5@≈≈≈≈§≈§
##....≈y§§§§≈§§§
##....≈5≈5≈....
#.............
#.).##..###..# #.#######
### ##.## ####.# #≈..##


You could see a spark wasp, a crimson imp (summoned), a shadow imp (summoned)
and an ufetubus (summoned).

Vanquished Creatures
  2 orc knights (D:10)
  2 centaur zombies (D:10)
  Maggie (D:6)
  A queen bee (D:10)
  A troll (D:9)
  13 yaks
  2 wyverns (D:9)
  3 water moccasins
  7 orc warriors
  A black bear (Lair:1)
  An ice beast (D:8)
  3 centaurs
  A wolf (D:10)
  3 phantoms
  2 kobold brigands (D:9)
  2 bullfrogs
  2 necrophages
  A gnoll sergeant (D:10)
  4 scorpions
  16 wights
  Dowan (D:4)
  39 killer bees
  2 electric eels (D:10)
  3 howler monkeys (D:10)
  4 jellies
  A human zombie (D:10)
  3 orc priests
  2 gnoll boudas (D:7)
  8 hounds
  Crazy Yiuf (D:7)
  5 iguanas
  8 orc wizards
  3 hell rats (D:5)
  A merfolk avatar (Sewer)
  A merfolk siren (Sewer)
  A mummy (D:10)
  3 howler monkey zombies (D:10)
  15 gnolls
  11 adders
  16 river rats
  A shadow imp (D:7)
  A white imp (D:4)
  5 worms
  3 dart slugs
  44 orcs
  4 endoplasms
  6 giant cockroaches
  7 goblins
  6 hobgoblins
  6 jackals
  10 kobolds
  2 quokkas
  13 ball pythons
  8 bats
  10 frilled lizards
  21 rats
343 creatures vanquished.

Vanquished Creatures (collateral kills)
  A centaur zombie (D:10)
  2 kobold demonologists (D:10)
  A sky beast (D:9)
  A kobold brigand (D:10)
  An orc (D:9)
  A kobold (D:10)
7 creatures vanquished.

Vanquished Creatures (others)
  An ice beast (D:4)
  An orc warrior (D:8)
  An orc (D:6)
  20 fungi
  3 plants (Lair:1)
  5 toadstools (D:1)
31 creatures vanquished.

Grand Total: 381 creatures vanquished

Notes
Turn   | Place    | Note
-------+----------+-------------------------------------------
     0 | D:1      | Angani the Djinni Chaos Knight began the quest for the Orb.
     0 | D:1      | Reached XP level 1. HP: 20/20 MP: 0/0
    87 | D:1      | XOM: divination: detect creatures
   290 | D:1      | Reached XP level 2. HP: 24/25 MP: 0/0
   602 | D:1      | Reached XP level 3. HP: 27/30 MP: 0/0
   602 | D:1      | Learned a level 1 spell: Beastly Appendage
   684 | D:1      | XOM: silly message
   730 | D:1      | Reached skill level 1 in Spellcasting
  1103 | D:2      | XOM: silly message
  1127 | D:2      | XOM: silly message
  1246 | D:2      | You are sucked into a shaft and drop 2 floors!
  1246 | D:4      | XOM: stealth player
  1280 | D:4      | XOM: 1-stop teleportation journey
  1287 | D:4      | Reached XP level 4. HP: 35/36 MP: 0/0
  1346 | D:4      | XOM: summons friendly iron imp
  1385 | D:3      | Found a transporter.
  1447 | D:3      | Found a stormy altar of Qazlal.
  1501 | D:3      | Identified the +0 chain mail "Tated" {rElec Str+4 Int+3}
  1589 | D:3      | Reached XP level 5. HP: 27/41 MP: 0/0
  1589 | D:3      | Learned a level 2 spell: Wereblood
  1590 | D:3      | XOM: confuse monster(s)
  1667 | D:3      | Found a white marble altar of Elyvilon.
  1758 | D:3      | Found a glowing drain.
  1766 | Sewer    | Entered a sewer
  1896 | Sewer    | Reached XP level 6. HP: 47/47 MP: 0/0
  1932 | Sewer    | XOM: 1-stop teleportation journey
  1951 | Sewer    | XOM: enchant monster (good)
  1955 | Sewer    | XOM: polymorph ball python -> bat
  2103 | Sewer    | XOM: summons 4 hostile shadow creatures
  2550 | D:2      | Found an iron altar of Okawaru.
  2718 | D:2      | Found a faded altar of an unknown god.
  3286 | D:3      | XOM: silly message
  3460 | D:4      | XOM: 1-stop teleportation journey
  3502 | D:4      | Noticed Duvessa
  3502 | D:4      | Noticed Dowan
  3567 | D:4      | Noticed Duvessa
  3567 | D:4      | Duvessa changed into Duvessa the ice beast
  3567 | D:4      | XOM: polymorph Duvessa -> Duvessa the ice beast
  3592 | D:4      | Your ally Duvessa died
  3597 | D:4      | Killed Dowan
  3598 | D:4      | Reached XP level 7. HP: 19/53 MP: 0/0
  3598 | D:4      | Learned a level 3 spell: Mephitic Cloud
  3651 | D:4      | XOM: summons 4 hostile demons
  3696 | D:4      | XOM: give mutations
  3696 | D:4      | Gained mutation: Armour fits poorly on your strangely
                  | shaped body. [Xom's mischief]
  3696 | D:4      | Gained mutation: You occasionally lose the ability to drink
                  | potions when taking damage. [Xom's mischief]
  3696 | D:4      | Lost mutation: Armour fits poorly on your strangely shaped
                  | body. [Xom's mischief]
  3696 | D:4      | Gained mutation: You are frail. (-10% HP) [Xom's mischief]
  3828 | D:4      | Found a snail-covered altar of Cheibriados.
  4153 | D:4      | Reached skill level 5 in Fighting
  4169 | D:4      | XOM: noise
  4176 | D:4      | Reached skill level 5 in Unarmed Combat
  4883 | D:5      | Entered Level 5 of the Dungeon
  4913 | D:5      | XOM: smoke on damage
  5108 | D:4      | XOM: noise
  5308 | D:5      | XOM: silly message
  5626 | D:5      | Reached XP level 8. HP: 33/54 MP: 0/0
  5734 | D:5      | XOM: 2-stop teleportation journey
  5765 | D:5      | XOM: swap monsters
  6339 | D:5      | XOM: blink monster(s)
  6552 | D:5      | Found the +2 ratskin cloak {*Rats rPois rN+ Str-1 Int-1
                  | Dex+1}
  6579 | D:5      | XOM: stat loss: -1 Str (15/16)
  6623 | D:5      | XOM: stat loss: -1 Dex (15/16)
  6761 | D:6      | XOM: polymorph iguana -> bullfrog
  6809 | D:6      | Noticed Maggie
  6809 | D:6      | XOM: confuse monster(s)
  6814 | D:6      | XOM: swap monsters
  6827 | D:6      | XOM: destruction
  6830 | D:6      | Killed Maggie
  6831 | D:6      | Reached XP level 9. HP: 46/60 MP: 0/0
  6831 | D:6      | Learned a level 4 spell: Airstrike
  6851 | D:6      | XOM: silly message
  7218 | D:6      | XOM: 5-stop teleportation journey
  7266 | D:6      | XOM: silly message
  7489 | D:6      | Found Xeukauda's Antique Armour Emporium.
  7618 | D:7      | XOM: swap monsters
  7623 | D:7      | Reached skill level 5 in Spellcasting
  7639 | D:7      | XOM: 1-stop teleportation journey
  7852 | D:7      | Found a runed translucent gate.
  7852 | D:7      | Found a runed translucent gate.
  7853 | D:7      | Found a runed translucent gate.
  7900 | D:7      | Found an iron altar of Okawaru.
  7988 | D:7      | Found a staircase to the Ecumenical Temple.
  8033 | D:7      | XOM: god gift: 4 curare-tipped darts
  8327 | D:7      | Found a glowing golden altar of the Shining One.
  8348 | D:7      | XOM: silly message
  8429 | D:7      | Found a runed translucent door.
  8430 | D:7      | Noticed Crazy Yiuf
  8478 | D:7      | Noticed Mandevil's ghost (novice TrEE)
  8507 | D:7      | XOM: god gift: 41 gold pieces
  8539 | D:7      | Killed Crazy Yiuf
  8656 | D:8      | Found a hide-covered altar of Uskayaw.
  8687 | D:8      | XOM: fog
  8857 | D:8      | Reached XP level 10. HP: 55/68 MP: 0/0
  9033 | D:8      | Found a glowing silver altar of Zin.
  9206 | D:8      | XOM: god gift: scroll of poison
  9248 | D:8      | XOM: god gift: scroll of teleportation
  9337 | D:8      | XOM: divine lightning
  9360 | D:8      | XOM: polymorph river rat -> jackal
  9366 | D:8      | XOM: enchant monster (good)
  9769 | D:8      | XOM: give mutations
  9769 | D:8      | Lost mutation: You are frail. (-10% HP) [Xom's mischief]
  9769 | D:8      | Lost mutation: You occasionally lose the ability to drink
                  | potions when taking damage. [Xom's mischief]
  9919 | D:8      | XOM: give mutations
  9919 | D:8      | Gained mutation: You are dopey. (Int -2) [Xom's mischief]
  9919 | D:8      | Gained mutation: You occasionally lose the ability to drink
                  | potions when taking damage. [Xom's mischief]
  9919 | D:8      | Gained mutation: You occasionally shout uncontrollably at
                  | your foes. [Xom's mischief]
  9919 | D:8      | Lost mutation: You occasionally lose the ability to drink
                  | potions when taking damage. [Xom's mischief]
 10073 | D:9      | XOM: cloud trail
 10228 | D:9      | XOM: fog
 10597 | D:9      | XOM: enchant monster (good)
 10702 | D:9      | Reached XP level 11. HP: 52/84 MP: 0/0
 10702 | D:9      | Learned a level 5 spell: Yara's Violent Unravelling
 10860 | D:9      | Identified the ring of Accord {rPois Dex+4}
 11074 | D:9      | Found a sacrificial altar of Ru.
 11074 | D:9      | Found a broken altar of Ashenzari.
 11074 | D:9      | Found a burning altar of Makhleb.
 11365 | D:9      | XOM: polymorph water moccasin -> sky beast
 11369 | D:9      | XOM: summons 3 friendly demons
 11490 | D:10     | Entered Level 10 of the Dungeon
 11490 | D:10     | Noticed a two-headed ogre
 11596 | D:10     | Reached skill level 10 in Fighting
 11596 | D:10     | Reached skill level 10 in Unarmed Combat
 11689 | D:10     | XOM: god gift: 14 gold pieces
 11986 | D:9      | XOM: god gift: chain mail {god gift}
 12037 | D:9      | XOM: divination: magic mapping
 12042 | D:9      | XOM: confuse monster(s)
 12122 | D:9      | XOM: give mutations
 12122 | D:9      | Gained mutation: You possess an exceptional clarity of
                  | mind. [Xom's grace]
 12122 | D:9      | Gained mutation: You are somewhat resistant to further
                  | mutation. [Xom's grace]
 12269 | D:9      | XOM: give mutations
 12269 | D:9      | Gained mutation: Your skin changes colour to match your
                  | surroundings (Stealth+). [Xom's mischief]
 12269 | D:9      | Gained mutation: You are clumsy. (Dex -2) [Xom's mischief]
 12269 | D:9      | Lost mutation: You occasionally shout uncontrollably at
                  | your foes. [Xom's mischief]
 12269 | D:9      | Gained mutation: You occasionally lose the ability to drink
                  | potions when taking damage. [Xom's mischief]
 12558 | D:10     | Found a staircase to the Lair.
 12694 | D:10     | XOM: cast spell 'Death Channel'
 12738 | D:9      | XOM: cloud trail
 13019 | D:10     | XOM: potion effect (curing)
 13153 | D:10     | XOM: silly message
 13201 | D:10     | XOM: silly message
 13322 | D:10     | XOM: divination: magic mapping
 13464 | D:10     | XOM: silly message
 13541 | D:10     | Noticed an orc knight
 13548 | D:10     | Noticed an orc knight
 13559 | D:10     | XOM: potion effect (haste)
 13563 | D:10     | Killed an orc knight
 13571 | D:10     | Killed an orc knight
 13789 | D:10     | Found a staircase to the Orcish Mines.
 13804 | D:10     | XOM: potion effect (haste)
 13809 | D:10     | XOM: divination: magic mapping
 13815 | D:10     | XOM: enchant monster (good)
 13828 | D:10     | XOM: divination: magic mapping
 13831 | D:10     | Reached skill level 5 in Dodging
 13836 | D:10     | XOM: fake destruction
 13841 | D:10     | XOM: divination: detect creatures
 13859 | D:10     | XOM: silly message
 13891 | D:10     | XOM: potion effect (haste)
 14215 | D:10     | Found a basalt altar of Yredelemnul.
 14234 | D:10     | Reached XP level 12. HP: 70/91 MP: 0/0
 14358 | D:10     | XOM: chaos upgrade
 14377 | D:10     | XOM: summons 2 hostile shadow creatures
 14763 | D:10     | Reached skill level 5 in Armour
 14768 | D:10     | XOM: blink monster(s)
 14870 | D:11     | Noticed a two-headed ogre
 14897 | Lair:1   | Entered Level 1 of the Lair of Beasts
 14897 | Lair:1   | XOM: swap monsters
 14902 | Lair:1   | XOM: enchant monster (bad)
 14904 | Lair:1   | XOM: 1-stop teleportation journey
 15003 | Lair:1   | Found a dark tunnel.
 15012 | Volcano  | Entered a volcano
 15034 | Volcano  | Noticed a hell knight
 15055 | Volcano  | Noticed a spark wasp
 15055 | Volcano  | a hell knight changed into a spark wasp
 15055 | Volcano  | XOM: polymorph hell knight -> spark wasp
 15057 | Volcano  | XOM: summons 3 hostile demons
 15058 | Volcano  | Mangled by a spark wasp

Illustrated notes

Levels and vault maps discovered:
D:1:      ldierk_walled_garden, layout_basic, minmay_pentomino_r4
D:2:      layout_loops_ring, basic_altar, ebering_ecumenical_altar_hall,
          nicolae_kite_square_tiling_tiny
D:3:      layout_basic, nicolae_sif_muna_little_library, elyvilon_altar_4,
          lemuel_crystal_altar, gammafunk_ghost_mausoleum,
          cheibrodos_sewer_entry_bend, skrybe_limestone_x,
          chequers_serial_rivers_micro_e, minmay_unequal
D:4:      layout_loops_corners, mainiacjoe_overflow_24_doors, uniq_duvessa
D:5:      wander_guarded_unrand_ratskin, layout_cave_pools, kennysheep_mini_moat
D:6:      layout_rooms, serial_shops, shop_fountains, uniq_maggie
D:7:      layout_rooms, lemuel_coloured_pillars_altar, lemuel_crystal_altar,
          temple_pool_b, gammafunk_ghost_necromancy, uniq_crazy_yiuf_cottage
D:8:      layout_loops_cross, nicolae_uskayaw_murder_on_the_dancefloor,
          nicolae_overflow_hidden_temple
D:9:      old_forge, layout_cave_pods, gammafunk_temple_overflow_claw,
          serial_glass, glass_columns_a, glass_columns_a, glass_columns_c,
          glass_columns_a, glass_columns_a
D:10:     layout_roguey [special_room_bee], lemuel_mausoleum_altar_yredelemnul,
          mainiacjoe_overflow_small_starburst, erik_lair_island, david_orc_5
D:11:     layout_big_octagon, corexii_checkpoint_b
Lair:1:   layout_loops_ring, nicolae_volcano_entry_two_sided, lemuel_fruit_tree,
          grunt_megastairs_4, infiniplex_staircase_pool_2
Volcano:  volcano_pools

Skill      XL: |  1  2  3  4  5  6  7  8  9 10 11 12 |
---------------+-------------------------------------+-----
Spellcasting   | 1 2 3 4 5 6 8 |  8.3
Fighting       | 4 5 6 8 9 10 | 10.0
Unarmed Combat | 4 5 6 8 9 10 | 10.0
Armour         | 4 5 |  5.2
Dodging        | 5 6 |  6.1

Action                   |  1- 3 |  4- 6 |  7- 9 | 10-12 || total
-------------------------+-------+-------+-------+-------++-------
Melee: Unarmed           |   113 |   200 |   425 |   478 ||  1216
       Punch             |     4 |     8 |    23 |    46 ||    81
       Headbutt          |     4 |    20 |    53 |    71 ||   148
Throw: Dart              |     2 |       |       |       ||     2
 Cast: Beastly Appendage |     7 |    17 |    30 |    22 ||    76
       Wereblood         |       |     7 |    10 |    13 ||    30
       Mephitic Cloud    |       |       |     2 |     7 ||     9
       Airstrike         |       |       |       |    47 ||    47
Evoke: Wand              |       |     6 |       |     4 ||    10
       Piece from Xom's  |       |     1 |       |    14 ||    15
  Use: Scroll            |     3 |     4 |     9 |     4 ||    20
       Potion            |       |     1 |       |     1 ||     2
 Stab: Sleeping          |       |     1 |     1 |     2 ||     4
       Confused          |       |     1 |     6 |     2 ||     9
       Petrified         |       |       |       |    12 ||    12
       Petrifying        |       |       |       |     1 ||     1
       Paralysed         |       |       |       |     1 ||     1
Armor: Leather armour    |    48 |    77 |    92 |       ||   217
       Acid dragon scale |       |       |    46 |   202 ||   248
Dodge: Dodged            |    65 |   122 |   221 |   310 ||   718
